 Dungeon Crawl Stone Soup version 0.30-a0-782-ge64f9170bb (webtiles) character file.

Game seed: 1108862496094272029

732 112233 the Trooper (level 7, -2/50 HPs)
             Began as an Octopode Fighter on Feb 25, 2023.
             Slain by Eustachio
             ... wielding a +0 rapier of electrocution
              (14 damage)
             ... on level 5 of the Dungeon.
             The game lasted 00:02:49 (4417 turns).

112233 the Trooper (Octopode Fighter)               Turns: 4417, Time: 00:02:49

Health: -2/50      AC:  1    Str: 16    XL:     7   Next: 73%
Magic:  7/7        EV: 14    Int: 10    God:
Gold:   171        SH:  5    Dex: 13    Spells: 6/6 levels left

rFire   . . .      SeeInvis .      - Unarmed
rCold   . . .      Faith    .    a - +0 buckler
rNeg    . . .      Spirit   .    (helmet restricted)
rPois   .          Reflect  .    (no amulet)
rElec   .          Harm     .    (no ring)
rCorr   .          Rampage  .    (no ring)
Will    .....                    (no ring)
Stlth   ++                       (no ring)
HPRegen 0.28/turn                (no ring)
MPRegen 0.10/turn                (no ring)
                                 (no ring)
                                 (no ring)

@: no status effects
A: almost no armour, amphibious, 8 rings, camouflage 1, gelatinous body 1,
(nimble swimmer 1), tentacles
a: no special abilities


You were on level 5 of the Dungeon.
You visited 1 branch of the dungeon, and saw 5 of its levels.
You also visited: Ossuary.

You collected 171 gold pieces.

Inventory:

Armour
 a - a +0 buckler (worn)
 i - an orb of wrath
Jewellery
 r - a ring of ice
Scrolls
 c - 6 scrolls of identify {unknown}
 e - 4 scrolls of enchant armour {unknown}
 g - 6 scrolls of teleportation {unknown}
 h - a scroll of silence {unknown}
 j - a scroll of magic mapping {unknown}
 l - 2 scrolls of brand weapon {unknown}
 m - 2 scrolls of noise {unknown}
 n - a scroll of enchant weapon {unknown}
 o - 4 scrolls of blinking {unknown}
 q - a scroll of acquirement {unknown}
 s - a scroll of immolation {unknown}
Potions
 b - 2 potions of might
 d - 2 potions of curing
 f - a potion of attraction {unknown}
 k - 2 potions of lignification {unknown}
 p - 2 potions of haste {unknown}


   Skills:
 + Level 5.1 Fighting
 + Level 5.1 Dodging
 + Level 5.0 Shields
 + Level 4.4 Unarmed Combat


You had 6 spell levels left.
You didn't know any spells.
Your spell library contained the following spells:

 Spells                   Type           Power      Damage    Failure   Level
 Ensorcelled Hibernation  Hex/Ice        0%         N/A       58%         2
 Lesser Beckoning         Tloc           0%         N/A       58%         2
 Passwall                 Tmut/Erth      0%         N/A       58%         2
 Gell's Gravitas          Tloc           0%         N/A       82%         3
 Kindle Blastsparks       Fire/Tloc/Air  0%         2d10      82%         3
 Swiftness                Air            0%         N/A       82%         3
 Teleport Other           Tloc           0%         N/A       82%         3
 Fulminant Prism          Conj/Hex       0%         3d5       99%         4
 Iskenderun's Mystic Bla  Conj/Tloc      0%         2d3       99%         4
 Olgreb's Toxic Radiance  Pois           0%         N/A       99%         4
 Lee's Rapid Deconstruct  Erth           0%         3d4*      100%        5
 Ozocubu's Refrigeration  Ice            0%         4d7       100%        7
 Ignition                 Fire           0%         3d3       100%        8


Dungeon Overview and Level Annotations

Branches:
Dungeon (5/15)            Ossuary (visited)
 Temple: D:4-7

Altars:
Fedhas
Kikubaaqudgha
Yredelemnul

Shops:
D:3 :

Annotations:
D:4 2 transporters, postfeelist's ghost, amateur HOFi
D:5 Eustachio


Innate Abilities, Weirdness & Mutations

You cannot wear most types of armour.
You are amphibious.
You can wear up to eight rings at the same time.
Your skin changes colour to match your surroundings (Stealth+).
Your rubbery body absorbs attacks. (AC +1, EV +1)
((You are camouflaged when in or above water. (Stealth+)))
You have tentacles for arms and can constrict up to eight enemies at once.


Message History

The necrophage is severely damaged.
You constrict the necrophage, but do no damage.
The necrophage misses you.
You bludgeon the necrophage!
The necrophage is almost destroyed.
You constrict the necrophage.
You destroy the necrophage!
You see here a necrophage corpse.
Found an ancient bone altar of Kikubaaqudgha.
No target in view!
No target in view!
Found a blossoming altar of Fedhas.
You enter the shallow water.
Eustachio the Magnificent comes into view.
He is wielding a +0 rapier of electrocution.
Found a yellow potion.
Eustachio shouts!
Eustachio hits you with a +0 rapier of electrocution!
Eustachio is nearby!
You closely miss Eustachio. You grab Eustachio. You constrict Eustachio.
Eustachio barely misses you.
You barely miss Eustachio. You squeeze Eustachio.
Eustachio is lightly wounded.
You constrict Eustachio, but do no damage.
You block Eustachio's attack.
You tentacle-slap Eustachio but do no damage.
Eustachio is lightly wounded.
You constrict Eustachio.
Eustachio hits you with a +0 rapier of electrocution.
You are electrocuted!
You are too injured to fight recklessly!
You are too injured to fight recklessly!
You feel better.
You constrict Eustachio.
Eustachio hits you with a +0 rapier of electrocution.
You are electrocuted!
* * * LOW HITPOINT WARNING * * *
You feel better.
You constrict Eustachio.
Eustachio hits you with a +0 rapier of electrocution.
* * * LOW HITPOINT WARNING * * *
You are electrocuted!
You die...

### !.# #.#
#.# #.# #@#
#@####
#....#
####.##
#..## #♣~.#
#P~~# ##~P.#
#######.~~~#
#.......♣♣♣#


You could see Eustachio.

Vanquished Creatures
  Sigmund (D:2)
  2 necrophages
  3 scorpions
  A howler monkey (D:3)
  An iguana (D:5)
  An orc wizard (D:2)
  8 adders
  2 worms
  5 dart slugs
  8 orcs
  7 endoplasms
  2 giant cockroaches
  10 goblins
  9 hobgoblins
  2 quokkas
  10 ball pythons
  5 bats
  2 frilled lizards (D:2)
  3 kobolds
  10 rats
92 creatures vanquished.

Vanquished Creatures (others)
  2 withered plants (D:5)
2 creatures vanquished.

Grand Total: 94 creatures vanquished

Notes
Turn   | Place    | Note
-------+----------+-------------------------------------------
     0 | D:1      | 112233 the Octopode Fighter began the quest for the Orb.
     0 | D:1      | Reached XP level 1. HP: 16/16 MP: 1/1
   159 | D:1      | Reached XP level 2. HP: 21/21 MP: 2/2
   452 | D:1      | Found a faded altar of an unknown god.
   871 | D:1      | Reached XP level 3. HP: 26/26 MP: 3/3
   917 | D:1      | Found a basalt altar of Yredelemnul.
  1110 | D:2      | Noticed Sigmund
  1567 | D:3      | Reached XP level 4. HP: 32/32 MP: 4/4
  1983 | D:3      | Found Ypo Ihiu's Book Boutique.
  2245 | D:2      | Reached XP level 5. HP: 14/37 MP: 5/5
  2515 | D:2      | Killed Sigmund
  2516 | D:2      | Reached XP level 6. HP: 32/44 MP: 6/6
  3130 | D:4      | Found a sand-covered staircase.
  3149 | Ossuary  | Entered an ossuary
  3326 | D:4      | Found a transporter.
  3330 | D:4      | Noticed postfeelist's ghost (amateur HOFi)
  3494 | D:4      | Reached XP level 7. HP: 31/48 MP: 7/7
  3561 | D:4      | Found a transporter.
  3995 | D:5      | Entered Level 5 of the Dungeon
  4149 | D:5      | Reached skill level 5 in Dodging
  4152 | D:5      | Reached skill level 5 in Fighting
  4354 | D:5      | Reached skill level 5 in Shields
  4394 | D:5      | Found an ancient bone altar of Kikubaaqudgha.
  4397 | D:5      | Found a blossoming altar of Fedhas.
  4411 | D:5      | Noticed Eustachio
  4417 | D:5      | Slain by Eustachio

Illustrated notes

Levels and vault maps discovered:
D:1:      dpeg_arrival_lava_altar, layout_loops_corners,
          ebering_ecumenical_altar_mist, minmay_misc_feat_four_crosses,
          minmay_vboxes
D:2:      layout_basic, uniq_sigmund
D:3:      minmay_wonky_spiral, layout_basic, serial_shops, shop, serial_curves,
          eino_curves_01, eino_curves_01
D:4:      layout_loops_ring, gammafunk_ghost_mausoleum, enter_ossuary_1
D:5:      layout_loops_ring, grunt_temple_overflow_growth_and_decay,
          lemuel_temple_firewalk_b, serial_undead, serial_undead_e,
          serial_undead_c, serial_undead_c, serial_undead_b,
          ebering_ghost_sewer_d, serial_bayou_pond_e, uniq_eustachio,
          uniq_prince_ribbit1, uniq_blork_the_orc

Skill      XL: |  1  2  3  4  5  6  7 |
---------------+----------------------+-----
Unarmed Combat | 3 4 |  4.4
Fighting       | 4 5 |  5.1
Dodging        | 4 5 |  5.1
Shields        | 4 5 |  5.0

Action                     |  1- 3 |  4- 6 |  7- 9 || total
---------------------------+-------+-------+-------++-------
  Melee: Unarmed           |    78 |   110 |    35 ||   223
         Constrict         |    23 |    25 |    11 ||    59
         Tentacles         |    15 |    19 |     6 ||    40
         Punch             |     5 |     2 |     2 ||     9
    Use: Potion            |       |     1 |     2 ||     3
   Stab: Sleeping          |     5 |    11 |     3 ||    19
 Armour: Skin              |    10 |     2 |     1 ||    13
  Dodge: Dodged            |    55 |    50 |    17 ||   122
  Block: Buckler           |    17 |    17 |     5 ||    39

Table legend: (Time is in decaauts)
 A = Elapsed time spent in this place.
 B = Non-inter-level travel time spent in this place.
 C = Inter-level travel time spent in this place.
 D = Time resting spent in this place.
 E = Time spent auto-exploring this place.
 F = Levels seen in this place.
 G = Mean time per level.
                   A        B        C        D        E       F      G
               +--------+--------+--------+--------+--------+-----+--------+
         Total |   4412 |   4241 |    171 |    356 |   3235 |   6 |  735.3 |
       Dungeon |   4405 |   4234 |    171 |    356 |   3235 |   5 |  881.0 |
       Ossuary |      6 |      6 |      0 |      0 |      0 |   1 |    6.0 |
               +--------+--------+--------+--------+--------+-----+--------+

Top non-repeatable levels by time:
     D:2: 1164 daAuts
     D:1: 1142 daAuts
     D:4: 919 daAuts
     D:3: 759 daAuts
     D:5: 420 daAuts
 Ossuary: 6 daAuts
